 Dungeon Crawl Stone Soup version 0.31-a0-799-g6bc09d010c (webtiles) character file.

Game seed: 17940508087798122668

361 javelincjr the Magician (level 6, -1/41 HPs)
             Began as a Demonspawn Hedge Wizard on Sept 18, 2023.
             Was a Follower of Uskayaw.
             Slain by an ufetubus (2 damage)
             ... on level 5 of the Dungeon on Sept 19, 2023.
             The game lasted 00:17:10 (5000 turns).

javelincjr the Magician (Demonspawn Hedge Wizard)   Turns: 5000, Time: 00:17:11

Health: -1/41      AC:  3    Str: 17    XL:     6   Next: 38%
Magic:  14/20      EV: 12    Int: 17    God:    Uskayaw [*.....]
Gold:   128        SH:  0    Dex: 12    Spells: 6/12 levels left

rFire   . . .        k - +0 short sword (drain)
rCold   . . .        (no shield)
rNeg    . . .        b - +0 robe
rPois   .            c - +0 hat
rElec   .            g - +0 cloak
rCorr   .            (no gloves)
SInv    .            (no boots)
Will    .....        (no amulet)
Stlth   ++           h - +6 ring of strength
HPRegen 0.26/turn    l - ring of magical power
MPRegen 0.17/turn

%: no passive effects
@: on blink cooldown
A: powered by death 1
a: Renounce Religion, Stomp


You were on level 5 of the Dungeon.
You worshipped Uskayaw.
Uskayaw was noncommittal.
You visited 1 branch of the dungeon, and saw 5 of its levels.

You collected 128 gold pieces.

Inventory:

Hand Weapons
 a - a +0 dagger
 k - a +0 short sword of draining (weapon)
Missiles
 m - 2 throwing nets
Armour
 b - a +0 robe (worn)
 c - a +0 hat (worn)
 g - a +0 cloak (worn)
Jewellery
 h - a +6 ring of strength (left hand)
 l - a ring of magical power (right hand)
Wands
 s - a wand of mindburst (9)
Scrolls
 f - 5 scrolls of identify {unknown}
 j - 3 scrolls of vulnerability {unknown}
 n - a scroll of fear {unknown}
 o - 2 scrolls of teleportation {unknown}
 q - 2 scrolls of enchant armour {unknown}
 r - a scroll of noise {unknown}
 u - a scroll of blinking {unknown}
Potions
 d - 2 potions of magic
 e - a potion of heal wounds {unknown}
 i - a potion of haste {unknown}
 p - a potion of mutation {unknown}
 t - 2 potions of cancellation {unknown}


   Skills:
 + Level 3.0 Dodging
 + Level 3.1 Stealth
 + Level 3.7 Spellcasting
 + Level 2.8 Conjurations
 + Level 2.5 Summonings
 + Level 2.3 Translocations


You had 6 spell levels left.
You knew the following spells:

 Your Spells              Type           Power      Damage    Failure   Level
a - Magic Dart            Conj           48%        1d5       4%          1
b - Foxfire               Conj/Fire      32%        2x1d5     9%          1
c - Call Imp              Summ           24%        N/A       9%          2
d - Blink                 Tloc           22%        N/A       10%         2

Your spell library contained the following spells:

 Spells                   Type           Power      Damage    Failure   Level
 Sandblast                Erth           6%         2d5       16%         1
 Slow                     Hex            12%        N/A       16%         1
 Gell's Gravitas          Tloc           11%        N/A       19%         3
 Teleport Other           Tloc           11%        N/A       19%         3
 Cigotuvi's Dreadful Rot  Necr/Pois/Air  6%         N/A       24%         2
 Ensorcelled Hibernation  Hex/Ice        6%         N/A       24%         2
 Passwall                 Tmut/Erth      2%         N/A       24%         2
 Stone Arrow              Conj/Erth      16%        3d8       26%         3
 Mephitic Cloud           Conj/Pois/Air  6%         N/A       32%         3
 Swiftness                Air            3%         N/A       43%         3
 Brom's Barrelling Bould  Conj/Erth      8%         2d3       65%         4
 Dispersal                Tloc           5%         N/A       100%        6
 Plasma Beam              Fire/Air       1%         2x1d11    100%        6
 Starburst                Conj/Fire      4%         6d3       100%        6


Dungeon Overview and Level Annotations

Branches:
Dungeon (5/15)
 Temple: D:4-7

Altars:
Hepliaklqana
Uskayaw
Xom

Shops:
D:2 ?

Annotations:
D:5 Sigmund


Innate Abilities, Weirdness & Mutations

You regenerate a little health from kills.


Message History

You hear a shout!
You're too confused to cast spells.
You're too confused to cast spells.
You bump into the rock wall.
You feel less confused.
The orc priest looks encouraged for a moment.
The orc wizard hits you with a +0 dagger.
Sigmund says, "Look into my eyes."
Sigmund mumbles some strange words.
Sigmund flickers and vanishes!
Deactivating autopickup; reactivate with Ctrl-A.
An orc wizard comes into view. It is wielding a +0 dagger.
The orc closely misses you.
Casting: Foxfire (safe; 9% risk of failure)
Confirm with . or Enter, or press ? or * to list all spells.
A tiny devil pulls itself out of the air.
The orc wizard hits you with a +0 dagger.
A puff of flame appears from out of thin air!
The puff of flame hits your cerulean imp.
The orc wizard points at you and mumbles some strange words.
The orc hits you from afar with a +0 trident!
* * * LOW HITPOINT WARNING * * *
Casting: Call Imp (safe; 9% risk of failure)
Confirm with . or Enter, or press ? or * to list all spells.
You blink.
The orc wizard casts a spell.
The orc wizard flickers and vanishes!
The ufetubus attacks as it pursues you! The ufetubus barely misses you.
The ufetubus misses you.
Your cerulean imp hits the orc but does no damage.
The orc attacks as it pursues you!
The orc hits you from afar with a +0 trident.
* * * LOW HITPOINT WARNING * * *
The ufetubus barely misses you. The ufetubus hits you.
* * * LOW HITPOINT WARNING * * *
Your cerulean imp closely misses something.
The ufetubus hits you.
* * * LOW HITPOINT WARNING * * *
The ufetubus hits you.
You die...

##.......).##.#.....#....
#.o....#####.#.#####....
#..o...'.....#.# ###....
#....5.##..#.#.###......
#......##.....>....##...
#......###.###.######.##
####...o..# #.....####
#...
#........####.....'..#
####
#........5@.......##.#
#.................##.##
#######...............#
#..........######
############


You could see an orc priest and an ufetubus.

Vanquished Creatures
  An ogre (D:4)
  A phantom (D:4)
  An orc priest (D:4)
  An iguana (D:5)
  5 adders
  A worm (D:2)
  3 dart slugs
  4 orcs
  9 ball pythons
  6 endoplasms
  4 giant cockroaches
  6 goblins
  9 hobgoblins
  4 jackals
  4 quokkas
  3 bats
  3 frilled lizards
  8 kobolds
  6 rats
79 creatures vanquished.

Vanquished Creatures (collateral kills)
  An adder (D:4)
1 creature vanquished.

Vanquished Creatures (others)
  216 foxfires
216 creatures vanquished.

Grand Total: 296 creatures vanquished

Notes
Turn   | Place    | Note
-------+----------+-------------------------------------------
     0 | D:1      | javelincjr the Demonspawn Hedge Wizard began the quest for
                  | the Orb.
     0 | D:1      | Reached XP level 1. HP: 13/13 MP: 4/4
    97 | D:1      | Reached skill level 1 in Translocations
   197 | D:1      | Gained mutation: You regenerate a little health from kills.
                  | [demonic ancestry]
   197 | D:1      | Reached XP level 2. HP: 12/19 MP: 1/6
  1002 | D:1      | Found a faded altar of an unknown god.
  1020 | D:1      | Prayed at the altar of an unknown god.
  1020 | D:1      | Became a worshipper of Uskayaw the Reveller
  1020 | D:1      | Reached * piety under Uskayaw
  1157 | D:1      | Reached XP level 3. HP: 24/24 MP: 5/7
  1286 | D:2      | Reached ** piety under Uskayaw
  1420 | D:2      | Found Xounlum's Magic Scroll Shoppe.
  1753 | D:2      | Learned a level 1 spell: Foxfire
  1756 | D:2      | Learned a level 2 spell: Call Imp
  1759 | D:2      | Learned a level 2 spell: Blink
  2176 | D:2      | Reached XP level 4. HP: 30/30 MP: 0/8
  3543 | D:4      | Noticed an ogre
  3562 | D:4      | Killed an ogre
  3563 | D:4      | Reached XP level 5. HP: 35/35 MP: 10/10
  3873 | D:4      | Found a hazy altar of Hepliaklqana.
  3874 | D:4      | Found a shimmering altar of Xom.
  3874 | D:4      | Noticed a hell beast
  3875 | D:4      | Noticed a spectral ugly thing
  3875 | D:4      | Noticed a hell beast
  3901 | D:4      | Reached *** piety under Uskayaw
  3918 | D:4      | HP: 1/35 [adder (2)]
  4110 | D:4      | Noticed a phantom
  4132 | D:4      | Killed a phantom
  4133 | D:4      | Reached XP level 6. HP: 5/41 MP: 11/11
  4259 | D:4      | Upgraded the game from 0.31-a0-795-g5eb97db20b to
                  | 0.31-a0-799-g6bc09d010c
  4651 | D:5      | Entered Level 5 of the Dungeon
  4979 | D:5      | Noticed Sigmund
  5000 | D:5      | HP: 1/41 [ufetubus (3)]
  5000 | D:5      | Slain by an ufetubus

Illustrated notes

Levels and vault maps discovered:
D:1:      shiori_arrival_elements, layout_basic, basic_ecumenical_altar,
          minmay_tromino_v7
D:2:      layout_basic, serial_shops, shop_fountains
D:3:      layout_basic, marbit_many_paths, zin_statuary, minmay_misc_feat_cross
D:4:      layout_rooms, regret_index_temple_of_mockery, nrook_mini_backslash,
          chequers_serial_rivers_micro_e
D:5:      layout_basic, yredelemnul_forgotten_temple_becter,
          nicolae_shop_firing_range, uniq_grinder, uniq_sigmund

Skill      XL: |  1  2  3  4  5 |
---------------+----------------+-----
Translocations | 1 2 |  2.3
Stealth        | 2 3 |  3.1
Dodging        | 2 3 |  3.0
Conjurations   | 2 |  2.8
Summonings     | 2 |  2.5
Spellcasting   | |  3.7

Action                     |  1- 3 |  4- 6 || total
---------------------------+-------+-------++-------
  Melee: Dagger            |    64 |       ||    64
         Short sword       |     3 |    57 ||    60
         Punch             |       |     1 ||     1
   Cast: Magic Dart        |    86 |     4 ||    90
         Foxfire           |    19 |   104 ||   123
         Call Imp          |       |     4 ||     4
         Blink             |       |     1 ||     1
    Use: Potion            |       |     1 ||     1
   Stab: Paralysed         |       |     1 ||     1
 Armour: Robe              |    33 |    47 ||    80
  Dodge: Dodged            |    49 |    42 ||    91

Table legend: (Time is in decaauts)
 A = Elapsed time spent in this place.
 B = Non-inter-level travel time spent in this place.
 C = Inter-level travel time spent in this place.
 D = Time resting spent in this place.
 E = Time spent auto-exploring this place.
 F = Levels seen in this place.
 G = Mean time per level.
                   A        B        C        D        E       F      G
               +--------+--------+--------+--------+--------+-----+--------+
         Total |   4997 |   4880 |    117 |    289 |   3959 |   5 |  999.4 |
       Dungeon |   4997 |   4880 |    117 |    289 |   3959 |   5 |  999.4 |
               +--------+--------+--------+--------+--------+-----+--------+

Top non-repeatable levels by time:
     D:2: 1284 daAuts
     D:1: 1256 daAuts
     D:4: 1107 daAuts
     D:3: 1000 daAuts
     D:5: 348 daAuts
